| TOP OF THE 1ST |
|
Houston Colt .45's batting - Pitching for Colorado Avalanche : RHP Diego Arredondo
|
|
Pitching: RHP Diego Arredondo
|
|
|
Batting: RHB Bill Borden
|
0-0: Foul Ball, location: 2F 0-1: SOLO HOME RUN (Line Drive, 89XD, EV 115.0 MPH), Distance : 431 ft
|
|
Batting: LHB Bert Middleton
|
0-0: Called Strike 0-1: Called Strike 0-2: Ball 1-2: Strikes out swinging
|
|
Batting: RHB Josh Reisner
|
0-0: Ball 1-0: Fly out, F9 (Flyball, 9, EV 90.6 MPH)
|
|
Batting: LHB Vecdi Hodensack
|
0-0: Ball 1-0: Ball 2-0: Ball 3-0: Called Strike 3-1: Ground out 6-3 (Groundball, 6, EV 80.0 MPH)
|
| Top of the 1st over - 1 run, 1 hit, 0 errors, 0 left on base; Houston 1 - Colorado 0 |
| BOTTOM OF THE 1ST |
|
Colorado Avalanche batting - Pitching for Houston Colt .45's : LHP Jorge Ortiz
|
|
Pitching: LHP Jorge Ortiz
|
|
|
Batting: RHB Eric Delgado
|
0-0: Ball 1-0: Foul Ball, location: 2F 1-1: Ball 2-1: Ball 3-1: Called Strike 3-2: Strikes out swinging
|
|
Batting: RHB Chris Tatum
|
0-0: Ball 1-0: Foul Ball, location: 2F 1-1: Called Strike 1-2: Ball 2-2: Ball 3-2: Foul Ball, location: 2F 3-2: Foul Ball, location: 2F 3-2: Foul Ball, location: 2F 3-2: Reached via error on a dropped throw from 1B, E1 (Groundball, 34, EV 85.6 MPH)
|
|
Batting: RHB Luis Mendoza
|
0-0: Foul Ball, location: 2F 0-1: Foul Ball, location: 2F 0-2: Foul Ball, location: 2F 0-2: Ball 1-2: Strikes out swinging
|
|
Batting: SHB Joan Coucieiro
|
0-0: Called Strike Chris Tatum steals 2nd base 0-1: Fly out, F9 (Flyball, 9D, EV 102.5 MPH)
|
| Bottom of the 1st over - 0 runs, 0 hits, 1 error, 1 left on base; Houston 1 - Colorado 0 |
| TOP OF THE 2ND |
|
Houston Colt .45's batting - Pitching for Colorado Avalanche : RHP Diego Arredondo
|
|
Batting: RHB To-wai Chen
|
0-0: Foul Ball, location: 2F 0-1: Called Strike 0-2: Ball 1-2: Strikes out swinging
|
|
Batting: RHB Tim Williams
|
0-0: Ball 1-0: Called Strike 1-1: Called Strike 1-2: Strikes out swinging
|
|
Batting: LHB Bob Neale
|
0-0: Called Strike 0-1: Ball 1-1: Swinging Strike 1-2: Strikes out looking
|
| Top of the 2nd over - 0 runs, 0 hits, 0 errors, 0 left on base; Houston 1 - Colorado 0 |
| BOTTOM OF THE 2ND |
|
Colorado Avalanche batting - Pitching for Houston Colt .45's : LHP Jorge Ortiz
|
|
Batting: RHB Rade Mamula
|
0-0: Ball 1-0: Called Strike 1-1: Called Strike 1-2: Ball 2-2: Foul Ball, location: 2F 2-2: Ground out 4-3 (Groundball, 4, EV 81.2 MPH)
|
|
Batting: LHB Brian Canny
|
0-0: Foul Ball, location: 2F 0-1: Foul Ball, location: 2F 0-2: Reached on error, E6 (Groundball, P, EV 80.0 MPH)
|
|
Batting: LHB Javy Rueda
|
0-0: Ball 1-0: SINGLE (Line Drive, 78S, EV 110.6 MPH) Brian Canny to third
|
|
Batting: LHB Rich Rauda
|
0-0: Fielders Choice at 2nd, 6-4 (Groundball, 6, EV 89.4 MPH) Brian Canny scores
|
|
Batting: RHB Alex Valadez
|
0-0: Ball 1-0: Fielders Choice at 2nd, 6-4 (Groundball, 6, EV 102.5 MPH)
|
| Bottom of the 2nd over - 1 run, 1 hit, 1 error, 1 left on base; Houston 1 - Colorado 1 |
| TOP OF THE 3RD |
|
Houston Colt .45's batting - Pitching for Colorado Avalanche : RHP Diego Arredondo
|
|
Batting: LHB Casper Significant
|
0-0: SOLO HOME RUN (Flyball, 9LD, EV 98.1 MPH), Distance : 385 ft
|
|
Batting: RHB Kenny Beall
|
0-0: Called Strike 0-1: Swinging Strike 0-2: Ball 1-2: Ball 2-2: Foul Ball, location: 2F 2-2: Strikes out looking
|
|
Batting: RHB Bill Borden
|
0-0: Foul Ball, location: 2F 0-1: Ball 1-1: Swinging Strike 1-2: Strikes out swinging, 2-3 out at first.
|
|
Batting: LHB Bert Middleton
|
0-0: Ball 1-0: Ground out 5-3 (Groundball, 56S, EV 86.9 MPH)
|
| Top of the 3rd over - 1 run, 1 hit, 0 errors, 0 left on base; Houston 2 - Colorado 1 |
| BOTTOM OF THE 3RD |
|
Colorado Avalanche batting - Pitching for Houston Colt .45's : LHP Jorge Ortiz
|
|
Batting: RHB Eric Delgado
|
0-0: Called Strike 0-1: Ball 1-1: Ball 2-1: Foul Ball, location: 2F 2-2: Foul Ball, location: 2F 2-2: Fly out, F7 (Flyball, 78D, EV 105.6 MPH)
|
|
Batting: RHB Chris Tatum
|
0-0: Foul Ball, location: 2F 0-1: Ball 1-1: Called Strike 1-2: Ball 2-2: Ball 3-2: TRIPLE (Flyball, 9LD, EV 100.6 MPH)
|
|
Batting: RHB Luis Mendoza
|
0-0: Foul Ball, location: 2F 0-1: Ball 1-1: Foul Ball, location: 2F 1-2: Ball 2-2: Ball 3-2: Foul Ball, location: 2F 3-2: Strikes out looking
|
|
Batting: SHB Joan Coucieiro
|
0-0: Called Strike 0-1: Ball 1-1: Ball 2-1: Called Strike 2-2: Strikes out swinging
|
| Bottom of the 3rd over - 0 runs, 1 hit, 0 errors, 1 left on base; Houston 2 - Colorado 1 |
| TOP OF THE 4TH |
|
Houston Colt .45's batting - Pitching for Colorado Avalanche : RHP Diego Arredondo
|
|
Batting: RHB Josh Reisner
|
0-0: Foul Ball, location: 2F 0-1: Foul Ball, location: 2F 0-2: Ball 1-2: Ball 2-2: Strikes out swinging
|
|
Batting: LHB Vecdi Hodensack
|
0-0: Ball 1-0: Swinging Strike 1-1: Ball 2-1: Ball 3-1: Base on Balls
|
|
Batting: RHB To-wai Chen
|
0-0: Ball Vecdi Hodensack steals 2nd base 1-0: Fly out, F9 (Line Drive, 9, EV 100.0 MPH)
|
|
Batting: RHB Tim Williams
|
0-0: Ball 1-0: Called Strike 1-1: Ball 2-1: Ball 3-1: Base on Balls
|
|
Batting: LHB Bob Neale
|
0-0: DOUBLE (Flyball, 89XD, EV 100.0 MPH) Vecdi Hodensack scores Tim Williams to third Runner from 3rd tries for Home, throw by RF and OUT! 9-4-2
|
| Top of the 4th over - 1 run, 1 hit, 0 errors, 1 left on base; Houston 3 - Colorado 1 |
| BOTTOM OF THE 4TH |
|
Colorado Avalanche batting - Pitching for Houston Colt .45's : LHP Jorge Ortiz
|
|
Batting: RHB Rade Mamula
|
0-0: Foul Ball, location: 2F 0-1: Ball 1-1: Ball 2-1: Foul Ball, location: 2F 2-2: Ball 3-2: Base on Balls
|
|
Batting: LHB Brian Canny
|
0-0: Ball 1-0: Foul Ball, location: 2F 1-1: Ball 2-1: Ball 3-1: Called Strike 3-2: Base on Balls Rade Mamula to second
|
|
Batting: LHB Javy Rueda
|
0-0: Called Strike 0-1: Swinging Strike 0-2: Strikes out swinging
|
|
Batting: LHB Rich Rauda
|
0-0: Ball Wild Pitch! Rade Mamula to third Brian Canny to second 1-0: Ball 2-0: Ball 3-0: Called Strike 3-1: Foul Ball, location: 2F 3-2: Strikes out swinging
|
|
Pitching: RHP Kurt Carr
|
|
|
Batting: RHB Alex Valadez
|
0-0: Ball 1-0: Ball 2-0: Foul Ball, location: 2F 2-1: Foul Ball, location: 2F 2-2: Strikes out looking
|
| Bottom of the 4th over - 0 runs, 0 hits, 0 errors, 2 left on base; Houston 3 - Colorado 1 |
| TOP OF THE 5TH |
|
Houston Colt .45's batting - Pitching for Colorado Avalanche : RHP Diego Arredondo
|
|
Batting: LHB Casper Significant
|
0-0: Ball 1-0: Foul Ball, location: 2F 1-1: Called Strike 1-2: Ball 2-2: Strikes out swinging
|
|
Pitching: RHP Keith Giarratano
|
|
|
Batting: RHB Kenny Beall
|
0-0: DOUBLE (Line Drive, 8LXD, EV 100.6 MPH)
|
|
Batting: RHB Bill Borden
|
0-0: Ground out 5-3 (Groundball, 56, EV 78.1 MPH)
|
|
Batting: LHB Bert Middleton
|
0-0: Foul Ball, location: 2F 0-1: Called Strike 0-2: 2-RUN HOME RUN (Line Drive, 9D, EV 105.0 MPH), Distance : 408 ft
|
|
Batting: RHB Josh Reisner
|
0-0: Foul Ball, location: 2F 0-1: Swinging Strike 0-2: SINGLE (Line Drive, 4D, EV 104.4 MPH)
|
|
Batting: LHB Vecdi Hodensack
|
0-0: Ball 1-0: Ball 2-0: Ball 3-0: Called Strike 3-1: Foul Ball, location: 2F 3-2: Fly out, F8 (Line Drive, 8RM, EV 91.9 MPH)
|
| Top of the 5th over - 2 runs, 3 hits, 0 errors, 1 left on base; Houston 5 - Colorado 1 |
| BOTTOM OF THE 5TH |
|
Colorado Avalanche batting - Pitching for Houston Colt .45's : RHP Kurt Carr
|
|
Batting: RHB Eric Delgado
|
0-0: Swinging Strike 0-1: Foul Ball, location: 2F 0-2: Ball 1-2: Fly out, F5 (Popup, 56S, EV 76.2 MPH)
|
|
Batting: RHB Chris Tatum
|
0-0: Ball 1-0: Foul Ball, location: 2F 1-1: Ball 2-1: DOUBLE (Flyball, 8RXD, EV 103.8 MPH)
|
|
Batting: RHB Luis Mendoza
|
0-0: Ball 1-0: Called Strike 1-1: Ball 2-1: Ground out 5-3 (Groundball, 56, EV 81.9 MPH)
|
|
Batting: SHB Joan Coucieiro
|
0-0: Ball 1-0: Called Strike 1-1: Ball 2-1: 2-RUN HOME RUN (Line Drive, 9D, EV 108.8 MPH), Distance : 406 ft
|
|
Batting: RHB Rade Mamula
|
0-0: Ball 1-0: Swinging Strike 1-1: Ball 2-1: Called Strike 2-2: Ball 3-2: Base on Balls
|
|
Batting: LHB Brian Canny
|
0-0: Ball 1-0: Foul Ball, location: 2F 1-1: Called Strike Rade Mamula steals 2nd base (no throw) 1-2: Ball 2-2: Foul Ball, location: 2F 2-2: Ball 3-2: Fly out, F7 (Line Drive, 7S, EV 105.0 MPH)
|
| Bottom of the 5th over - 2 runs, 2 hits, 0 errors, 1 left on base; Houston 5 - Colorado 3 |
| TOP OF THE 6TH |
|
Houston Colt .45's batting - Pitching for Colorado Avalanche : RHP Keith Giarratano
|
|
Batting: RHB To-wai Chen
|
0-0: Ball 1-0: Ball 2-0: Called Strike 2-1: Ball 3-1: Swinging Strike 3-2: Base on Balls
|
|
Batting: RHB Tim Williams
|
0-0: Ball 1-0: Fly out, F7 (Flyball, 78M, EV 94.4 MPH)
|
|
Batting: LHB Bob Neale
|
0-0: Foul Ball, location: 2F 0-1: Ball 1-1: Fly out, F7 (Flyball, 78M, EV 91.9 MPH)
|
|
Batting: LHB Casper Significant
|
0-0: Called Strike 0-1: Fly out, F9 (Line Drive, 89M, EV 99.4 MPH)
|
| Top of the 6th over - 0 runs, 0 hits, 0 errors, 1 left on base; Houston 5 - Colorado 3 |
| BOTTOM OF THE 6TH |
|
Colorado Avalanche batting - Pitching for Houston Colt .45's : RHP Kurt Carr
|
|
Batting: LHB Javy Rueda
|
0-0: Called Strike 0-1: Foul Ball, location: 2F 0-2: Strikes out swinging
|
|
Batting: LHB Rich Rauda
|
0-0: Called Strike 0-1: Fly out, F8 (Flyball, 78S, EV 77.5 MPH)
|
|
Batting: RHB Alex Valadez
|
0-0: Called Strike 0-1: Swinging Strike 0-2: Ball 1-2: Foul Ball, location: 2F 1-2: Strikes out swinging
|
| Bottom of the 6th over - 0 runs, 0 hits, 0 errors, 0 left on base; Houston 5 - Colorado 3 |
| TOP OF THE 7TH |
|
Houston Colt .45's batting - Pitching for Colorado Avalanche : RHP Keith Giarratano
|
|
Batting: RHB Kenny Beall
|
0-0: Called Strike 0-1: Ball 1-1: Ball 2-1: Ball 3-1: Called Strike 3-2: Foul Ball, location: 2F 3-2: Fly out, F8 (Flyball, 8RM, EV 81.2 MPH)
|
|
Batting: RHB Bill Borden
|
0-0: Ball 1-0: Ground out 6-3 (Groundball, 6, EV 81.9 MPH)
|
|
Batting: LHB Bert Middleton
|
0-0: Fly out, F8 (Flyball, 78M, EV 90.0 MPH)
|
| Top of the 7th over - 0 runs, 0 hits, 0 errors, 0 left on base; Houston 5 - Colorado 3 |
| BOTTOM OF THE 7TH |
|
Colorado Avalanche batting - Pitching for Houston Colt .45's : RHP Kurt Carr
|
|
Pitching: LHP Jordan Garcia
|
|
|
Batting: RHB Eric Delgado
|
0-0: Ball 1-0: Called Strike 1-1: Ball 2-1: Swinging Strike 2-2: Foul Ball, location: 2F 2-2: Ball 3-2: Foul Ball, location: 2F 3-2: Foul Ball, location: 2F 3-2: Foul Ball, location: 2F 3-2: Base on Balls
|
|
Batting: RHB Chris Tatum
|
0-0: Foul Ball, location: 2F 0-1: Called Strike 0-2: Ball 1-2: Fly out, F8 (Flyball, 89S, EV 85.0 MPH)
|
|
Batting: RHB Luis Mendoza
|
0-0: Called Strike 0-1: Ball 1-1: Swinging Strike 1-2: Ball 2-2: Ball 3-2: Base on Balls Eric Delgado to second
|
|
Batting: SHB Joan Coucieiro
|
0-0: Ball 1-0: Ball 2-0: Ball 3-0: Base on Balls Eric Delgado to third Luis Mendoza to second
|
|
Pitching: LHP Kimmo-Mikka Koistinen
|
|
|
Batting: RHB Rade Mamula
|
0-0: Ball 1-0: Foul Ball, location: 2F 1-1: Swinging Strike 1-2: Foul Ball, location: 2F 1-2: Strikes out looking
|
|
Batting: LHB Brian Canny
|
0-0: Called Strike 0-1: Foul Ball, location: 2F 0-2: Fly out, F8 (Line Drive, 8RD, EV 108.1 MPH)
|
| Bottom of the 7th over - 0 runs, 0 hits, 0 errors, 3 left on base; Houston 5 - Colorado 3 |
| TOP OF THE 8TH |
|
Houston Colt .45's batting - Pitching for Colorado Avalanche : RHP Keith Giarratano
|
|
Batting: RHB Josh Reisner
|
0-0: Ball 1-0: Foul Ball, location: 2F 1-1: Fly out, F6 (Popup, 6, EV 58.1 MPH)
|
|
Batting: LHB Vecdi Hodensack
|
0-0: Ball 1-0: Ball 2-0: Ball 3-0: Called Strike 3-1: TRIPLE (Flyball, 89XD, EV 103.8 MPH)
|
|
Batting: RHB To-wai Chen
|
0-0: Intentional Walk
|
|
Batting: RHB Tim Williams
|
0-0: Ball 1-0: Ball 2-0: SINGLE (Line Drive, 89M, EV 90.6 MPH) Vecdi Hodensack scores To-wai Chen to second
|
|
Batting: LHB Bob Neale
|
0-0: Fly out, F7 (Flyball, 7D, EV 93.8 MPH)
|
|
Batting: LHB Casper Significant
|
0-0: 3-RUN HOME RUN (Flyball, 7LD, EV 95.6 MPH), Distance : 393 ft
|
|
Batting: RHB Kenny Beall
|
0-0: Ball 1-0: Foul Ball, location: 2F 1-1: Fly out, F3 (Flyball, 3D, EV 93.1 MPH)
|
| Top of the 8th over - 4 runs, 3 hits, 0 errors, 0 left on base; Houston 9 - Colorado 3 |
| BOTTOM OF THE 8TH |
|
Colorado Avalanche batting - Pitching for Houston Colt .45's : LHP Kimmo-Mikka Koistinen
|
|
Batting: LHB Javy Rueda
|
0-0: Called Strike 0-1: Fly out, F6 (Popup, P, EV 78.8 MPH)
|
|
Batting: LHB Rich Rauda
|
0-0: Foul Ball, location: 2F 0-1: Foul Ball, location: 2F 0-2: Foul Ball, location: 2F 0-2: Strikes out swinging
|
|
Pitching: LHP Shane Robinson
|
|
|
Batting: RHB Alex Valadez
|
0-0: Called Strike 0-1: Ball 1-1: Called Strike 1-2: Ground out 3-1 (Groundball, 34S, EV 83.1 MPH)
|
| Bottom of the 8th over - 0 runs, 0 hits, 0 errors, 0 left on base; Houston 9 - Colorado 3 |
| TOP OF THE 9TH |
|
Houston Colt .45's batting - Pitching for Colorado Avalanche : RHP Keith Giarratano
|
|
Batting: RHB Bill Borden
|
0-0: Ball 1-0: SINGLE (Line Drive, 8RS, EV 104.4 MPH)
|
|
Batting: LHB Bert Middleton
|
0-0: Ball 1-0: Ball 2-0: Fly out, F7 (Flyball, 7D, EV 91.2 MPH)
|
|
Batting: RHB Josh Reisner
|
0-0: Called Strike 0-1: Ball 1-1: Foul Ball, location: 2F 1-2: Strikes out looking
|
|
Pitching: RHP Bryce Hickman
|
|
|
Batting: LHB Vecdi Hodensack
|
0-0: Ball 1-0: Called Strike 1-1: Ball 2-1: Ball Bill Borden is caught stealing 2nd base 2-6
|
| Top of the 9th over - 0 runs, 1 hit, 0 errors, 0 left on base; Houston 9 - Colorado 3 |
| BOTTOM OF THE 9TH |
|
Colorado Avalanche batting - Pitching for Houston Colt .45's : LHP Shane Robinson
|
|
Batting: RHB Eric Delgado
|
0-0: Ball 1-0: Foul Ball, location: 2F 1-1: Fly out, F8 (Flyball, 8RS, EV 85.6 MPH)
|
|
Batting: RHB Chris Tatum
|
0-0: Ball 1-0: Ground out 3-1 (Groundball, 34, EV 104.4 MPH)
|
|
Batting: RHB Luis Mendoza
|
0-0: Ball 1-0: Foul Ball, location: 2F 1-1: Ball 2-1: Foul Ball, location: 2F 2-2: Strikes out swinging
|
| Bottom of the 9th over - 0 runs, 0 hits, 0 errors, 0 left on base; Houston 9 - Colorado 3 |
|